AoeStats
← ASHBORN

Arena

509936801Analyzed
4v4 RM · 4d ago on Sep 28, 2026· 42m 2s· 8 players
Game mode
Random Map
Map size
Large (8 player)
Population
200
Speed
Normal
Resources
Standard
Victory
Conquest
Starting age
Dark Age
Ending age
Imperial Age
RankedLock teamsTeams togetherTeam positionsShared explorationLock speedFull tech treeHidden civsTurbo modeCheats
Victory
Defeat
🇨🇴 Persians · Colombia
1226
+14
🇫🇷 Britons · France
1211
+14
🇺🇾 Turks · Uruguay
1206
+15
🇲🇽 Lithuanians · Mexico
1106
+19
🇨🇳 Slavs · China
1193
-16
🇨🇿 Armenians · Czechia
1179
-16
🇷🇺 Saxons · Russia
1164
-15
🇨🇳 Franks · China
1154
-15
945100118
11:50 Feudal Age
15:22 Castle Age
21:38 Double-Bit Axe
23:20 Bow Saw
24:09 Gold Mining
24:56 Husbandry
25:19 Scale Barding Armor
29:20 Chain Barding Armor
29:11 Forging
32:51 Imperial Age
30:11 Town Watch
31:02 Wheelbarrow
30:12 Loom
30:36 Stone Mining
32:26 Iron Casting
33:21 Cavalier
34:51 Padded Archer Armor
34:41 Fletching
35:36 Conscription
35:56 Elite Skirmisher
36:54 Leather Archer Armor
36:34 Bodkin Arrow
37:42 Chemistry
37:03 Ballistics
38:54 Plate Barding Armor
39:20 Blast Furnace
39:01 Chivalry
38:21 Ordonnance Companies
39:41 Scale Mail Armor
40:44 Chemistry
39:21 Ordonnance Companies
namrskal
11:00 Feudal Age
17:10 Castle Age
15:43 Double-Bit Axe
23:24 Man-at-Arms
25:11 Fervor
25:42 Bow Saw
25:25 Gold Mining
25:28 Stone Mining
25:39 Loom
26:33 Wheelbarrow
26:32 Town Watch
27:54 Horse Collar
28:53 Gold Shaft Mining
29:33 Pikeman
30:16 Scale Mail Armor
30:26 Forging
29:59 Long Swordsman
31:26 Chain Mail Armor
31:02 Fletching
34:52 Imperial Age
33:43 Iron Casting
张维为
10:15 Feudal Age
15:24 Castle Age
13:31 Double-Bit Axe
13:46 Horse Collar
18:37 Bow Saw
18:41 Pikeman
19:24 Scale Mail Armor
20:08 Squires
22:13 Forging
30:23 Imperial Age
27:41 Town Watch
28:58 Wheelbarrow
28:32 Scale Barding Armor
29:53 Iron Casting
29:34 Chain Mail Armor
29:30 Husbandry
28:51 Light Cavalry
29:43 Bloodlines
29:36 Heavy Plow
30:54 Chain Barding Armor
30:53 Hand Cart
32:08 Detinets
32:15 Capped Ram
34:21 Hussar
35:00 Gold Mining
37:08 Gold Shaft Mining
35:59 Heavy Scorpion
37:28 Conscription
37:47 Plate Barding Armor
38:06 Halberdier
39:38 Plate Mail Armor
40:45 Chemistry
39:51 Siege Engineers
40:09 Ballistics
40:49 Chemistry
sybertuk
11:03 Feudal Age
15:07 Castle Age
12:56 Horse Collar
13:39 Double-Bit Axe
16:30 Loom
21:55 Stone Mining
27:02 Wheelbarrow
26:40 Town Watch
30:00 Imperial Age
28:10 Scale Mail Armor
28:25 Gold Mining
29:08 Chain Mail Armor
29:08 Forging
29:24 Squires
28:45 Pikeman
29:11 Gambesons
29:12 Arson
29:48 Heavy Plow
30:22 Bow Saw
30:20 Halberdier
31:39 Plate Mail Armor
31:42 Conscription
31:20 Shield Wall
32:12 Elite Hearth Troop
35:11 Iron Casting
35:52 Fletching
37:06 Chemistry
36:18 Masonry
36:19 Fortified Wall
36:30 Bodkin Arrow
36:33 Murder Holes
38:08 Two-Man Saw
39:36 Architecture
39:27 Ballistics
40:20 Treadmill Crane
Abraham16034735
10:25 Feudal Age
14:45 Castle Age
12:45 Double-Bit Axe
12:50 Horse Collar
17:03 Bow Saw
19:03 Loom
19:54 Wheelbarrow
19:06 Town Watch
22:31 Hand Cart
24:24 Heavy Plow
24:51 Scale Barding Armor
25:01 Bloodlines
25:35 Husbandry
26:11 Chain Barding Armor
27:37 Fletching
28:02 Forging
28:55 Bodkin Arrow
31:32 Iron Casting
35:45 Imperial Age
37:03 Plate Barding Armor
37:48 Conscription
38:21 Elite Leitis
ASHBORN
10:21 Feudal Age
14:53 Castle Age
13:07 Double-Bit Axe
13:26 Horse Collar
16:14 Wheelbarrow
17:23 Bow Saw
23:40 Loom
24:33 Bloodlines
24:24 Husbandry
27:15 Imperial Age
25:36 Husbandry
25:46 Scale Barding Armor
26:30 Forging
26:54 Cavalier
28:16 Savar
30:13 Chain Barding Armor
30:34 Gold Mining
30:55 Stone Mining
31:10 Heavy Plow
32:54 Iron Casting
35:29 Plate Barding Armor
37:15 Blast Furnace
39:42 Gold Shaft Mining
39:43 Stone Shaft Mining
40:02 Fletching
41:02 Bodkin Arrow
41:17 Town Watch
anat03
11:16 Feudal Age
14:56 Castle Age
12:56 Double-Bit Axe
13:23 Stone Mining
13:29 Horse Collar
14:16 Gold Mining
16:01 Wheelbarrow
17:55 Bow Saw
17:50 Loom
25:36 Hand Cart
29:16 Imperial Age
26:40 Fletching
27:41 Gold Shaft Mining
27:08 Heavy Plow
27:49 Bodkin Arrow
27:54 Padded Archer Armor
29:28 Ballistics
29:41 Leather Archer Armor
29:57 Bracer
30:26 Conscription
31:03 Ring Archer Armor
32:00 Two-Man Saw
31:51 Yeomen
32:04 Elite Longbowman
34:24 Chemistry
33:35 Masonry
33:39 Squires
35:36 Capped Ram
martin_ch09
4:28 Loom
9:11 Feudal Age
7:50 Loom
15:10 Castle Age
13:44 Gold Mining
13:42 Double-Bit Axe
14:10 Horse Collar
16:38 Wheelbarrow
17:27 Gold Shaft Mining
18:47 Loom
24:40 Imperial Age
23:14 Hand Cart
24:54 Bow Saw
25:07 Padded Archer Armor
25:14 Heavy Plow
25:38 Ballistics
36:02 Artillery
Connection lost

Rejoining the realm…

Still unreachable

The connection could not be restored.

Session expired

The server has moved on; the page needs a fresh start.